 Dungeon Crawl Stone Soup version 0.27.1-33-g824d729ab1 (webtiles) character file.

Game seed: 733195371027572952

62 boopmooplesden the Covered (level 3, 0/49 HPs)
             Began as a Minotaur Fighter on Dec 23, 2021.
             Frozen to death by an endoplasm (2 damage)
             ... on level 2 of the Dungeon.
             The game lasted 00:01:26 (1161 turns).

boopmooplesden the Covered (Minotaur Fighter)       Turns: 1161, Time: 00:01:26

Health: 0/49       AC: 21    Str: 20    XL:     3   Next: 85%
Magic:  2/2        EV:  2    Int:  5    God:
Gold:   35         SH:  9    Dex: 10    Spells: 2/2 levels left

rFire    . . .     SeeInvis .   a - +0 long sword
rCold    . . .     Faith    .   c - +0 kite shield
rNeg     + + +     Spirit   .   (armour currently unavailable)
rPois    +         Reflect  .   (helmet currently unavailable)
rElec    .         Harm     .   (cloak currently unavailable)
rCorr    .         Rampage  .   (gloves currently unavailable)
Will     .....     NoTele   +   (boots currently unavailable)
Stlth    +.........             (no amulet)
HPRegen  0.16/turn              (no ring)
MPRegen  0.08/turn              (no ring)

@: tree-form
A: stationary, stasis, torment immunity, boosted hp, (horns 2), (retaliatory
headbutt)
a: no special abilities


You were on level 2 of the Dungeon.
You were a tree.
You visited 1 branch of the dungeon, and saw 2 of its levels.

You collected 35 gold pieces.

Inventory:

Hand Weapons
 a - a +0 long sword (weapon)
Armour
 b - a +0 scale mail (melded)
 c - a +0 kite shield (worn)
 e - a +0 cloak (melded)
Scrolls
 f - a scroll of enchant weapon {unknown}
 g - a scroll of blinking {unknown}
Potions
 d - a potion of might


   Skills:
 + Level 4.1 Fighting
 + Level 3.2 Long Blades
 + Level 4.2 Armour
 + Level 1.0 Dodging
 + Level 4.2 Shields


You had 2 spell levels left.
You didn't know any spells.
Your spell library contained the following spells:

 Spells                   Type           Power      Damage    Failure   Level
 Magic Dart               Conj           0%         1d3       91%         1
 Call Imp                 Summ           0%         N/A       97%         2
 Mephitic Cloud           Conj/Pois/Air  0%         N/A       100%        3


Dungeon Overview and Level Annotations

Branches:
Dungeon (2/15)

Altars:


Innate Abilities, Weirdness & Mutations

You are a tree.
Your roots penetrate the ground, keeping you stationary.
You cannot be teleported.
You are immune to unholy pain and torment.
Your maximum health is greatly increased.
Your equipment is partially melded.
((You have a pair of horns on your head.))
((You reflexively headbutt those who attack you in melee.))


Message History

You completely miss the endoplasm. You block the endoplasm's attack.
The hobgoblin barely misses you. The endoplasm closely misses you.
The hobgoblin barely misses you.
Your shield and scale mail prevent you from hitting the endoplasm.
The endoplasm freezes you.
You are frozen.
You block the hobgoblin's attack.
You hit the endoplasm.
The endoplasm is moderately wounded.
The endoplasm freezes you.
You are frozen.
* * * LOW HITPOINT WARNING * * *
The hobgoblin hits you.
* * * LOW HITPOINT WARNING * * *
The endoplasm closely misses you.
The hobgoblin hits you but does no damage.
Your scale mail prevents you from hitting the hobgoblin.
The endoplasm freezes you.
You are frozen.
* * * LOW HITPOINT WARNING * * *
The hobgoblin hits you but does no damage.
The endoplasm freezes you.
You are frozen.
* * * LOW HITPOINT WARNING * * *
There is a stone staircase leading up here.
It was a potion of lignification.
You turn into a tree.
Your +0 cloak melds into your body.
Your +0 scale mail melds into your body.
Your roots penetrate the ground.
The endoplasm hits you but does no damage.
Unknown command.
You hit the endoplasm.
The endoplasm is severely wounded.
The endoplasm freezes you.
You are frozen.
* * * LOW HITPOINT WARNING * * *
You completely miss the endoplasm.
The endoplasm is severely wounded.
The endoplasm freezes you.
You are frozen.
You die...

### ... #.# #.#
#.# #####.#
#.gJ♣.#
####.#####
#.......#
#.......#
#.......#
#..............
####......<####
#.......#
#.......#


You could see an endoplasm and a hobgoblin.

Vanquished Creatures
  An iguana (D:2)
  2 dart slugs (D:1)
  A ball python (D:1)
  3 endoplasms (D:1)
  A giant cockroach (D:1)
  3 goblins (D:1)
  3 hobgoblins (D:1)
  4 kobolds (D:1)
  A quokka (D:1)
  5 bats (D:1)
  A frilled lizard (D:1)
  5 rats (D:1)
30 creatures vanquished.

Notes
Turn   | Place    | Note
-------+----------+-------------------------------------------
     0 | D:1      | boopmooplesden the Minotaur Fighter began the quest for the
                  | Orb.
     0 | D:1      | Reached XP level 1. HP: 19/19 MP: 0/0
   340 | D:1      | Reached XP level 2. HP: 27/27 MP: 1/1
   840 | D:1      | Reached XP level 3. HP: 33/33 MP: 2/2
   840 | D:1      | Found a faded altar of an unknown god.
  1152 | D:2      | Reached skill level 1 in Dodging
  1157 | D:2      | HP: 1/33 [frozen (1)]
  1161 | D:2      | Frozen to death by an endoplasm

Illustrated notes

Levels and vault maps discovered:
D:1:      giann_forest_graveyard, layout_basic, shapermc_ecumenical_altar_gd,
          minmay_nonomino_d4
D:2:      layout_loops_ring, basic_altar, uniq_natasha

Skill      XL: |  1  2  3 |
---------------+----------+-----
Fighting       | 4 |  4.1
Armour         | 4 |  4.2
Shields        | 4 |  4.2
Long Blades    | 3 |  3.2
Dodging        | 1 |  1.0

Action                   || total
-------------------------++-------
Melee: Long sword        ||    80
       Headbutt          ||     9
  Use: Potion            ||     1
Armor: Scale mail        ||    59
       Skin              ||     1
Dodge: Dodged            ||    34
Block: Kite shield       ||    46
       Rpst.: Long sword ||     8
